AoeStats
← matzoder

Arena

508506854Analyzed
3v3 RM · 9d ago on Sep 22, 2026· 54m 20s· 6 players
Game mode
Random Map
Map size
Normal (6 player)
Population
200
Speed
Normal
Resources
Standard
Victory
Conquest
Starting age
Dark Age
Ending age
Imperial Age
RankedLock teamsTeams togetherTeam positionsShared explorationLock speedFull tech treeHidden civsTurbo modeCheats
Victory
Defeat
🇩🇪 Vietnamese · Germany
1092
+14
🇩🇪 Franks · Germany
1072
+15
🇩🇪 Slavs · Germany
1034
+16
🇫🇷 Koreans · France
1080
-16
🇫🇮 Saxons · Finland
1037
-15
🇫🇷 Dravidians · France
1016
-14
FL2sh_Humor
10:31 Feudal Age
14:45 Castle Age
13:11 Double-Bit Axe
20:00 Loom
20:51 Wheelbarrow
24:49 Horse Collar
27:12 Bow Saw
27:22 Scale Mail Armor
28:35 Hand Cart
34:19 Imperial Age
32:30 Forging
33:18 Gold Mining
33:19 Stone Mining
34:44 Ballistics
34:05 Treadmill Crane
34:36 Masonry
34:39 Fortified Wall
35:11 Chain Mail Armor
35:32 Iron Casting
34:27 Shield Wall
35:28 Heavy Plow
36:36 Two-Man Saw
35:36 Elite Hearth Troop
36:41 Conscription
38:02 Crop Rotation
39:05 Plate Mail Armor
38:26 Fletching
38:37 Padded Archer Armor
39:16 Pikeman
40:22 Halberdier
41:26 Squires
41:12 Gambesons
41:12 Arson
42:39 Chemistry
42:11 Architecture
42:02 Leather Archer Armor
41:43 Elite Skirmisher
42:45 Thumb Ring
44:40 Hoardings
46:00 Gold Shaft Mining
48:28 Siege Engineers
48:08 Arrowslits
52:32 Scale Barding Armor
52:23 Bodkin Arrow
52:58 Ring Archer Armor
52:36 Husbandry
52:46 Bloodlines
51:57 Light Cavalry
BillyBat
10:14 Feudal Age
9:17 Loom
11:36 Wheelbarrow
17:17 Castle Age
15:47 Horse Collar
15:57 Double-Bit Axe
16:14 Gold Mining
18:15 Hand Cart
18:54 Heavy Plow
18:59 Stone Mining
20:23 Bow Saw
29:12 Imperial Age
29:03 Pikeman
30:03 Forging
29:53 Scale Mail Armor
30:41 Halberdier
32:24 Iron Casting
34:48 Blast Furnace
34:04 Chain Mail Armor
38:11 Gambesons
38:27 Squires
38:13 Arson
40:13 Crossbowman
42:53 Conscription
43:06 Plate Mail Armor
42:28 Fletching
43:33 Padded Archer Armor
44:32 Bodkin Arrow
46:08 Bracer
46:24 Leather Archer Armor
46:45 Arbalester
47:31 Thumb Ring
49:31 Ballistics
49:07 Murder Holes
49:03 Heated Shot
49:25 Fortified Wall
51:10 Ring Archer Armor
51:38 Elite Skirmisher
Y3Y0
10:26 Feudal Age
11:59 Double-Bit Axe
15:36 Castle Age
13:58 Loom
14:16 Gold Mining
15:16 Fletching
20:06 Bodkin Arrow
33:20 Bow Saw
34:37 Wheelbarrow
35:09 Wheelbarrow
37:11 Imperial Age
36:20 Forging
36:17 Stone Mining
38:14 Iron Casting
37:39 Scale Mail Armor
38:07 Squires
40:24 Scale Mail Armor
41:24 Gold Shaft Mining
42:56 Two-Man Saw
42:46 Pikeman
48:09 Hand Cart
48:20 Chain Mail Armor
chris
10:12 Feudal Age
14:12 Castle Age
12:55 Double-Bit Axe
12:57 Horse Collar
19:26 Heavy Plow
19:58 Stone Mining
20:34 Bow Saw
22:26 Wheelbarrow
22:38 Gold Mining
23:10 Loom
23:41 Hand Cart
28:15 Imperial Age
28:25 Onager
30:04 Sappers
32:14 Gold Shaft Mining
32:27 Conscription
32:19 Scale Barding Armor
32:24 Forging
33:38 Chain Barding Armor
35:10 Iron Casting
36:27 Devotion
37:08 Plate Barding Armor
36:50 Elite Boyar
38:44 Blast Furnace
38:42 Hoardings
40:09 Heavy Scorpion
46:37 Fletching
matzoder
10:34 Feudal Age
12:34 Loom
15:19 Castle Age
15:14 Double-Bit Axe
24:31 Gold Mining
29:09 Imperial Age
28:15 Gold Shaft Mining
27:54 Bow Saw
29:47 Scale Barding Armor
30:34 Wheelbarrow
33:13 Cavalier
34:52 Chain Barding Armor
34:43 Forging
34:09 Cavalier
35:08 Husbandry
38:05 Plate Barding Armor
39:15 Paladin
40:50 Conscription
46:46 Elite Throwing Axeman
49:50 Scale Mail Armor
50:26 Iron Casting
51:04 Chain Mail Armor
51:15 Ballistics
51:56 Chemistry
51:43 Light Cavalry
54:48 Plate Mail Armor
Mihawk
10:54 Feudal Age
14:37 Castle Age
12:47 Horse Collar
20:41 Wheelbarrow
20:18 Town Watch
22:32 Fletching
23:40 Hand Cart
23:23 Stone Mining
23:24 Gold Mining
27:19 Fortified Wall
27:43 Bodkin Arrow
27:48 Padded Archer Armor
30:27 Double-Bit Axe
33:27 Bow Saw
34:56 Heavy Plow
35:33 Stone Shaft Mining
36:01 Leather Archer Armor
35:56 Guard Tower
36:28 Ballistics
36:04 Murder Holes
37:21 Loom
40:30 Imperial Age
38:11 Treadmill Crane
38:43 Town Patrol
38:43 Elite Skirmisher
39:29 Thumb Ring
40:33 Imperial Skirmisher
41:47 Ring Archer Armor
41:17 Bracer
42:20 Two-Man Saw
41:53 Crop Rotation
43:17 Chemistry
42:27 Masonry
43:49 Elite Rattan Archer
46:14 Scale Barding Armor
46:19 Forging
47:45 Light Cavalry
48:35 Bloodlines
48:25 Husbandry
48:56 Chatras
53:13 Stone Shaft Mining
Connection lost

Rejoining the realm…

Still unreachable

The connection could not be restored.

Session expired

The server has moved on; the page needs a fresh start.